 Dungeon Crawl Stone Soup version 0.27-a0-988-g25969acef8 (webtiles) character file.

Game seed: 11605019241381015059

268 mightbedylan the Bolt Thrower (level 6, 0/37 HPs)
             Began as a Kobold Hunter on Apr 16, 2021.
             Slain by an orc wizard
             ... wielding a +0 dagger
              (2 damage)
             ... on level 4 of the Dungeon.
             The game lasted 00:21:24 (2660 turns).

mightbedylan the Bolt Thrower (Kobold Hunter)       Turns: 2660, Time: 00:21:25

Health: 0/37       AC:  3    Str:  9    XL:     6   Next: 45%
Magic:  6/6        EV: 14    Int: 14    God:
Gold:   117        SH:  5    Dex: 16    Spells: 5/5 levels left

rFire    x . .     SeeInvis .   b - +0 short sword
rCold    + . .     Faith    .   (shield restricted)
rNeg     . . .     Spirit   .   c - +0 leather armour
rPois    .         Reflect  +   (no helmet)
rElec    .         Harm     .   (no cloak)
rCorr    .         Rampage  .   (no gloves)
Will     .....                  (no boots)
Stlth    +++.......             i - amulet of reflection
HPRegen  0.12/turn              f - ring of ice
MPRegen  0.10/turn              (no ring)

@: no status effects
A: small, no large weapons, nightstalker 3
a: no special abilities


You were on level 4 of the Dungeon.
You visited 1 branch of the dungeon, and saw 4 of its levels.

You collected 117 gold pieces.

Inventory:

Hand Weapons
 a - a +2 hand crossbow
 b - a +0 short sword (weapon)
 q - a +0 halberd of venom
Missiles
 d - a bolt
 t - 3 atropa-tipped darts (quivered)
Armour
 c - a +0 leather armour (worn)
Jewellery
 f - a ring of ice (left hand)
 i - an amulet of reflection (around neck)
Wands
 r - a wand of digging (7)
Scrolls
 g - a scroll of fog
Potions
 e - a potion of berserk rage {unknown}
 n - a potion of lignification {unknown}
 o - a potion of might {unknown}
 p - a potion of invisibility {unknown}
 s - a potion of resistance {unknown}
 u - a potion of flight {unknown}


   Skills:
 + Level 3.4 Fighting
 + Level 7.3 Crossbows
 + Level 0.1 Throwing
 + Level 1.7 Armour
 + Level 2.8 Dodging
 + Level 1.8 Stealth
 + Level 0.2 Shields


You had 5 spell levels left.
You didn't know any spells.
Your spell library contained the following spells:

 Spells                   Type           Power      Damage    Failure   Level
 Magic Dart               Conj           0%         1d3       36%         1
 Blink                    Tloc           N/A        N/A       52%         2
 Call Imp                 Summ           0%         N/A       52%         2
 Slow                     Hex            0%         N/A       52%         2
 Conjure Flame            Conj/Fire      0%         6-21      75%         3
 Mephitic Cloud           Conj/Pois/Air  0%         N/A       75%         3


Dungeon Overview and Level Annotations

Branches:
Dungeon (4/15)
 Temple: D:4-7

Altars:
Zin


Innate Abilities, Weirdness & Mutations

You are small and have problems with some larger weapons.
You are completely attuned to the shadows.


Message History

The orc wizard closely misses you.
You clumsily bash the orc wizard but do no damage.
The orc wizard gestures at itself while chanting.
The orc wizard flickers and vanishes!
Deactivating autopickup; reactivate with Ctrl-A.
You hear some strange, mumbled words.
Something tries to affect you, but you resist.
You're too confused to move!
Something hits you but does no damage.
You barely miss something. Something hits you. x2
You feel less confused.
You hear some strange, mumbled words.
Something tries to affect you, but you resist.
You hear some strange, mumbled words.
A magic dart appears from out of thin air!
The magic dart hits you.
* * * LOW HITPOINT WARNING * * *
Things that are here:
a bolt; a +0 short sword; 13 stones
d - 2 bolts (gained 1)
Something hits you.
* * * LOW HITPOINT WARNING * * *
You hear some strange, mumbled words.
Something tries to affect you, but you resist.
You see here a bolt.
Fire: 2 bolts
Press: ? - help, Q - select action, (/) - cycle Shift-Dir - straight line You shoot a bolt.
Okay, then.
b - a +0 short sword (weapon)
You closely miss something. Something hits you.
* * * LOW HITPOINT WARNING * * *
You miss something.
You hear some strange, mumbled words.
A puff of flame appears from out of thin air!
The puff of flame misses you.
You closely miss something. Something hits you but does no damage.
You hit something but do no damage. Something hits you.
* * * LOW HITPOINT WARNING * * *
Something hits you.
You die...

############****
#.............,* *******
#.............(***,,,,,,
#..................,,,,,
#...)...............,,,,
#..................,..,,
#...[..(.().......##..,,
#......@{......##.....,,
#####(...(......'.....,,
#.............###.....,,
#.................#...,,
#.................#.##**
###...............+,#,,,
#...............#,*,,,
#...............#,*,**
#......,,,.......,*,**


There were no monsters in sight!

Vanquished Creatures
  An ogre (D:4)
  A jelly (D:3)
  Jessica (D:3)
  2 adders (D:3)
  4 gnolls (D:2)
  2 worms (D:2)
  3 dart slugs
  An orc (D:4)
  3 bats
  8 endoplasms
  2 giant cockroaches
  4 goblins
  6 hobgoblins
  6 jackals (D:2)
  A quokka (D:2)
  3 ball pythons
  2 frilled lizards
  A kobold (D:2)
  7 rats
58 creatures vanquished.

Notes
Turn   | Place    | Note
-------+----------+-------------------------------------------
     0 | D:1      | mightbedylan the Kobold Hunter began the quest for the Orb.
     0 | D:1      | Reached XP level 1. HP: 12/12 MP: 1/1
     7 | D:1      | Noticed a rime drake
     7 | D:1      | Noticed a hog
    57 | D:1      | Noticed an iguana
   120 | D:1      | Reached skill level 5 in Crossbows
   278 | D:1      | Reached XP level 2. HP: 18/18 MP: 2/2
   695 | D:2      | Reached XP level 3. HP: 9/22 MP: 3/3
  1016 | D:2      | Reached XP level 4. HP: 14/27 MP: 4/4
  1018 | D:2      | Reached skill level 6 in Crossbows
  1507 | D:2      | Found a glowing silver altar of Zin.
  1744 | D:3      | Reached skill level 1 in Armour
  1801 | D:3      | Reached XP level 5. HP: 32/32 MP: 5/5
  2107 | D:3      | Noticed Jessica
  2110 | D:3      | Killed Jessica
  2576 | D:4      | Noticed an ogre
  2586 | D:4      | Killed an ogre
  2587 | D:4      | Reached skill level 7 in Crossbows
  2587 | D:4      | Reached XP level 6. HP: 37/37 MP: 6/6
  2660 | D:4      | Slain by an orc wizard

Illustrated notes

Levels and vault maps discovered:
D:1:      onia_arrival_zoo_common, layout_rooms
D:2:      layout_loops_ring, basic_altar
D:3:      layout_basic, uniq_jessica
D:4:      layout_basic, gammafunk_ghost_split, amcnicky_mini_pool_small,
          small_statue_alley_b, minmay_liquid_box, uniq_robin, uniq_menkaure

Skill      XL: |  1  2  3  4  5 |
---------------+----------------+-----
Crossbows      | 5 6 7 |  7.3
Fighting       | 3 |  3.4
Armour         | 1 |  1.7
Throwing       | |  0.1
Dodging        | |  2.8
Stealth        | |  1.8
Shields        | |  0.2

Action                   |  1- 3 |  4- 6 || total
-------------------------+-------+-------++-------
Melee: Short sword       |       |     4 ||     4
       Hand crossbow     |       |     2 ||     2
 Fire: Hand crossbow     |    53 |    82 ||   135
Throw: Dart              |       |     4 ||     4
  Use: Scroll            |       |     6 ||     6
       Potion            |       |     3 ||     3
Armor: Leather armour    |     3 |     9 ||    12
Dodge: Dodged            |    16 |    23 ||    39
Block: Other             |    10 |     6 ||    16
       Reflection        |     1 |       ||     1

Table legend: (Time is in decaauts)
 A = Elapsed time spent in this place.
 B = Non-inter-level travel time spent in this place.
 C = Inter-level travel time spent in this place.
 D = Time resting spent in this place.
 E = Time spent auto-exploring this place.
 F = Levels seen in this place.
 G = Mean time per level.
                   A        B        C        D        E       F      G
               +--------+--------+--------+--------+--------+-----+--------+
         Total |   2686 |   2606 |     80 |      0 |   1659 |   4 |  671.5 |
       Dungeon |   2686 |   2606 |     80 |      0 |   1659 |   4 |  671.5 |
               +--------+--------+--------+--------+--------+-----+--------+

Top non-repeatable levels by time:
     D:2: 1054 daAuts
     D:3: 711 daAuts
     D:1: 631 daAuts
     D:4: 289 daAuts
